ransylhack, neutral female sylph Ranger ---------------- ######................# #####Ea # |..............|# --------- #------#### +..............|# |........##########|.....# ----------------# |.......| |..>.| # # |.......| |....| ### # |...<....##########......## # ## --------- -|----######## ########### ## ##### -|--.---------- ### |.............| ### |..............### ..............| |.............+ --............| -------------- . ransylhack the Lookout Experience level: 5 Strength: 14 Dexterity: 11 Constitution: 15 Intelligence: 13 Wisdom: 14 Charisma: 8 Health: 0(38) Energy: 37(37) Def: 3 Gold: 555 Moves: 2467 Dungeon seed: l3Xfz_5MkSJ_FA8A Game ID: ransylhack_1464700794 Your Inventory: Coins $ - 555 gold pieces Amulets l - an uncursed amulet of magical breathing Weapons a - an uncursed +1 dagger (alternate weapon; not wielded) b - an uncursed +2 bow (weapon in hand) c - 55 uncursed +2 arrows d - 27 uncursed +0 arrows (in quiver) m - an uncursed +0 orcish dagger named LockBane Armor e - an uncursed +2 cloak of displacement (being worn) q - a cursed -1 helm of opposite alignment Comestibles f - 4 uncursed cram rations v - an uncursed pear Z - an uncursed food ration Scrolls H - a blessed scroll of magic mapping I - an uncursed scroll of enchant weapon S - an uncursed scroll of magic mapping Potions o - an uncursed potion of gain energy B - an uncursed potion of speed J - an uncursed potion of hallucination Wands g - an uncursed wand of slow monster (0:3) C - an uncursed wand of enlightenment (0:14) Tools k - an uncursed mirror t - a blessed oil lamp (0:1426) W - an uncursed tallow candle (0:200) Gems n - an uncursed worthless piece of black glass Spells and supernatural/magical abilities: Name Level Category Fail Memory W - pray for help -- divine ? -- Your skills at the end: Miscellaneous Skills wands [Basic] Weapon Skills dagger [Basic] bow [Basic] Spellcasting Skills Final Attributes: You were devoutly aligned. You saw invisible. You had automatic searching. You had infravision. You were displaced. You were stealthy. You were protected from shape changers. You are dead. Vanquished creatures: a fog cloud a yellow light 4 elf zombies 3 little dogs 2 floating eyes an iguana a giant bat a dwarf zombie a werejackal a gas spore 2 acid blobs a large kobold a gecko 2 giant rats 3 cave spiders a gnome a gnome zombie 3 jackals a kobold 8 newts a goblin 7 grid bugs 6 lichens 2 kobold zombies 55 creatures vanquished. Voluntary challenges: You followed a strict vegan diet. You did not adorn yourself with jewelry or accessories. You were an atheist. You used a wielded weapon 24 times, starting on turn 10. You did not use tools. You were illiterate. You never genocided any monsters. You never polymorphed an object. You never changed form. You used no wishes. You never split a pudding. You never wrote Elbereth's name. You never violated your personal moral code. Dungeon overview: The Dungeons of Doom: levels 1 to 8 Level 1 a fountain a long staircase Level 2 a fountain Level 3 a sink Level 4 Level 5 a sink Level 6 a fountain, a sink Level 7 <- You were here Level 8 History has recorded: On T:1 you entered the Dungeons of Doom to retrieve the Amulet of Yendor! On T:41 you reached level 2 of The Dungeons of Doom. On T:371 you advanced to experience level 2. On T:503 you reached level 3 of The Dungeons of Doom. On T:850 you reached level 4 of The Dungeons of Doom. On T:932 you advanced to experience level 3. On T:1455 you advanced to experience level 4. On T:1471 you reached level 5 of The Dungeons of Doom. On T:1959 you advanced to experience level 5. On T:2014 you reached level 6 of The Dungeons of Doom. On T:2153 you reached level 7 of The Dungeons of Doom. On T:2230 you reached level 8 of The Dungeons of Doom. Score breakdown: Gold: 555 ( 55 points) Experience: 5 levels ( 400 points) Exploration: 8 levels ( 210 points) Discoveries: 2 items ( 100 points) Variety of kills: 24 monsters ( 1200 points) Major goal: (nothing yet) ( 0 points) Survival: died (score multiplied by 3) Total score: 5895 Latest messages: You put a potion of gain energy into the large box. You put a blessed potion of gain energy into the large box. You put a gold ring into the large box. You shoot 2 arrows. The 1st arrow hits the soldier ant. The 2nd arrow hits the soldier ant. The soldier ant bites! The soldier ant stings! You die... Final status: Goodbye ransylhack the Ranger, killed by a soldier ant... You died in The Dungeons of Doom on dungeon level 7 with 5895 points, and 555 pieces of gold, after 2467 moves. You were level 5 with a maximum of 38 hit points when you died.